[Event "Titled Tuesday Blitz January 04 2022"]
[White "Harshavardhan G B"]
[Black "Deac, Bogdan-Daniel"]
[WhiteFideId "25059009"]
[BlackFideId "1226380"]
[WhiteElo "1831"]
[BlackElo "2646"]
[Result "0-1"]
[Round "06"]
[TimeControl "180+1"]
[Date "2022.01.04"]
[WhiteClock "0:00:34"]
[BlackClock "0:00:07"]

1. e4 c5 2. Nf3 d6 3. d4 cxd4 4. Nxd4 Nf6 5. Nc3 a6 6. Qf3 Nbd7 7. h3 g6 8. Be3 Bg7 9. g4 h6 10. O-O-O Qc7 11. Bg2 e5 12. Nb3 Nb6 13. g5 hxg5 14. Bxg5 Nh5 15. Be3 Be6 16. h4 Nf4 17. Bf1 Rc8 18. Kb1 Nc4 19. Bxc4 Bxc4 20. Bxf4 exf4 21. h5 g5 22. Nd4 Qb6 23. Nf5 Bxc3 24. Nxd6+ Ke7 25. Nxc8+ Rxc8 26. Qxc3 Bxa2+ 27. Kxa2 Rxc3 28. bxc3 Qh6 29. f3 Kf8 30. Rd5 Qc6 31. h6 Qxc3 32. Rh2 Qc4+ 33. Kb2 Qb4+ 34. Kc1 Qe1+ 35. Rd1 Qe3+ 36. Kb1 Qb6+ 37. Kc1 Qe3+ 38. Rdd2 Kg8 39. h7+ Kh8 40. c4 Qc3+ 41. Kb1 Qb3+ 42. Kc1 Qc3+ 43. Kd1 Qxf3+ 44. Kc2 Qxe4+ 45. Kb3 Qe3+ 46. Ka4 Qb6 47. Rd5 Qc6+ 48. Kb3 Qf6 49. Rc5 Qb6+ 50. Rb5 axb5 51. Kb4 bxc4+ 52. Kxc4 f3 53. Kd3 Qe6 54. Rf2 g4 55. Kd4 f5 56. Kd3 Qe4+ 57. Kd2 g3 58. Rxf3 Qxf3 0-1


[Site "https://www.chess.com"]

[Event "Titled Tuesday Blitz January 04 2022"]
[White "Holt, Conrad"]
[Black "Liyanage, Ranindu Dilshan"]
[WhiteFideId "2034387"]
[BlackFideId "9915834"]
[WhiteElo "2586"]
[BlackElo "1858"]
[Result "0-1"]
[Round "06"]
[TimeControl "180+1"]
[Date "2022.01.04"]
[WhiteClock "0:00:08"]
[BlackClock "0:00:10"]

1. d4 Nf6 2. c4 e6 3. Nc3 Bb4 4. Qc2 O-O 5. e4 d5 6. e5 Ne4 7. Bd3 c5 8. Nf3 cxd4 9. Nxd4 Nd7 10. Bf4 Qh4 11. g3 Qh5 12. f3 Bxc3+ 13. bxc3 Nec5 14. g4 Qh4+ 15. Bg3 Qg5 16. Bxh7+ Kh8 17. cxd5 g6 18. dxe6 Nxe5 19. O-O Qe3+ 20. Kh1 Ned3 21. Rae1 Qh6 22. Bd6 Bxe6 23. Bxc5 Nxc5 24. Nxe6 Nxe6 25. Bxg6 Nf4 26. Bf5 Kg7 27. g5 Qh4 28. Qf2 Qxf2 29. Rxf2 Rfe8 30. Re4 Nd3 31. Rfe2 Rxe4 32. Bxe4 Nf4 33. Rb2 Rc8 34. Rxb7 Rxc3 35. Kg1 Ra3 36. Rb2 Nh3+ 37. Kg2 Nxg5 38. Bd5 Kf6 39. Rb7 Ra5 40. Bb3 Ne6 41. Kg3 Nd4 42. Rxf7+ Kg6 43. Rb7 Nf5+ 44. Kf2 a6 45. Rb6+ Kg5 46. Rc6 Nd4 47. Rc4 Nxb3 48. axb3 Ra2+ 49. Kg3 Rb2 50. Rb4 a5 51. Rb5+ Kg6 52. h4 Kh6 53. Kg4 Kg6 54. h5+ Kg7 55. f4 Rh2 56. Rb7+ Kg8 57. Kg5 Rg2+ 58. Kf6 Rc2 59. f5 Rc6+ 60. Kg5 Rc3 61. h6 Rg3+ 62. Kf6 Rc3 63. Rb8+ Kh7 64. Ke6 Rc6+ 65. Ke7 Rc7+ 66. Kd6 Rf7 67. Ke6 Rb7 68. f6 Rxb8 69. f7 Kxh6 70. Kf6 Rc8 71. Ke6 Kg7 72. Kd7 Rb8 73. Kc7 Rxb3 74. Kc6 Kf8 75. Kc5 a4 76. Kd5 Rb8 77. Ke4 a3 78. Kf5 a2 79. Kg6 a1=Q 80. Kh6 Qg7+ 81. Kh5 Rb1 82. Kh4 Rh1# 0-1


[Site "https://www.chess.com"]

[Event "Titled Tuesday Blitz January 04 2022"]
[White "Howell, David W L"]
[Black "Rychagov, Andrey"]
[WhiteFideId "410608"]
[BlackFideId "4119932"]
[WhiteElo "2559"]
[BlackElo "2500"]
[Result "1-0"]
[Round "06"]
[TimeControl "180+1"]
[Date "2022.01.04"]
[WhiteClock "0:01:25"]
[BlackClock "0:01:26"]

1. e4 e6 2. d4 d5 3. e5 c5 4. c3 Qb6 5. Nf3 Nc6 6. Be2 Nh6 7. Bxh6 gxh6 8. Qd2 Bg7 9. O-O O-O 10. Na3 cxd4 11. cxd4 Bd7 12. Nc2 f6 13. exf6 Rxf6 14. b4 Raf8 15. b5 Ne7 16. Ne5 Be8 17. a4 Bg6 18. Nd7 Qd6 19. Nxf6+ Bxf6 20. Ne3 Qf4 21. Rad1 h5 22. Ng4 Bxd4 23. Qxd4 hxg4 24. Bxg4 Qf7 25. Rfe1 Nf5 26. Bxf5 Bxf5 27. Qxa7 Qg6 28. Re3 Qf6 29. Qd4 1-0


[Site "https://www.chess.com"]

[Event "Titled Tuesday Blitz January 04 2022"]
[White "Kobo, Ori"]
[Black "Altman, Joshua"]
[WhiteFideId "2812320"]
[BlackFideId "426210"]
[WhiteElo "2420"]
[BlackElo "1945"]
[Result "1-0"]
[Round "06"]
[TimeControl "180+1"]
[Date "2022.01.04"]
[WhiteClock "0:00:11"]
[BlackClock "0:00:03"]

1. d4 Nf6 2. g3 e6 3. Bg2 d5 4. Nf3 Be7 5. c4 O-O 6. Nc3 b6 7. cxd5 exd5 8. O-O Bb7 9. Bf4 Nbd7 10. Qc2 a6 11. Rfd1 Rc8 12. Rac1 Re8 13. Ne5 Nf8 14. Bg5 Ne6 15. Bxf6 Bxf6 16. f4 c5 17. dxc5 Rxc5 18. Qf5 g6 19. Qd3 Qc7 20. b4 Bxe5 21. bxc5 Bd4+ 22. Kh1 Bxc5 23. Nxd5 Bxd5 24. Qxd5 Rd8 25. Qc6 Qe7 26. Rxd8+ Nxd8 27. Qd5 Ne6 28. Rd1 Kg7 29. Qe5+ f6 30. Qd5 Nc7 31. Qd7 Nb5 32. Qxe7+ Bxe7 33. Rd7 Kf8 34. Rb7 Bc5 35. e4 Nc3 36. a3 b5 37. Rc7 Na4 38. Rc6 Bxa3 39. Rxf6+ Kg7 40. Rxa6 Bc5 41. e5 Nc3 42. Rc6 Bd4 43. Rc7+ Kh6 44. Rb7 b4 45. Rxb4 Ne2 46. e6 g5 47. e7 1-0


[Site "https://www.chess.com"]

[Event "Titled Tuesday Blitz January 04 2022"]
[White "Kosakowski, Jakub"]
[Black "Babazada, Khazar"]
[WhiteFideId "1185080"]
[BlackFideId "13413554"]
[WhiteElo "2476"]
[BlackElo "2418"]
[Result "0-1"]
[Round "06"]
[TimeControl "180+1"]
[Date "2022.01.04"]
[WhiteClock "0:00:29"]
[BlackClock "0:00:16"]

1. e4 Nf6 2. e5 Nd5 3. d4 d6 4. Bc4 Nb6 5. Bb3 g6 6. Nf3 Bg7 7. h3 O-O 8. Qe2 Nc6 9. O-O dxe5 10. dxe5 Nd4 11. Nxd4 Qxd4 12. Re1 Be6 13. Nd2 Rad8 14. Nf3 Qc5 15. Be3 Qa5 16. c4 Nd7 17. Bf4 Qa6 18. Qe3 Bxc4 19. Bxc4 Qxc4 20. Rac1 Qxa2 21. Rxc7 Qd5 22. Bh6 Rc8 23. Rxc8 Rxc8 24. Bxg7 Kxg7 25. e6 fxe6 26. Qxa7 Nf6 27. Nd4 e5 28. Nf3 e4 29. Nd4 Rc4 30. Rd1 Kf7 31. b3 Rc5 32. Qa1 Qe5 33. Qa2 Rd5 34. b4 e6 35. Qc4 Qd6 36. Rd2 Nd7 37. Nb5 Qc6 38. Qxc6 bxc6 39. Nd6+ Ke7 40. Nxe4 Rxd2 41. Nxd2 Nb6 42. Nb3 Nd5 43. Nd4 Kd6 44. Nc2 Nc3 45. Kf1 Kd5 46. Ke1 Kc4 47. Kd2 Nd5 48. g3 Nxb4 49. Ne3+ Kd4 50. Ng4 c5 51. Nf6 c4 52. Nxh7 c3+ 53. Kc1 Kd3 0-1


[Site "https://www.chess.com"]

[Event "Titled Tuesday Blitz January 04 2022"]
[White "Kravtsiv, Martyn"]
[Black "Drozdowski, Kacper"]
[WhiteFideId "14113147"]
[BlackFideId "1136720"]
[WhiteElo "2694"]
[BlackElo "2507"]
[Result "1-0"]
[Round "06"]
[TimeControl "180+1"]
[Date "2022.01.04"]
[WhiteClock "0:00:26"]
[BlackClock "0:00:14"]

1. e4 c5 2. Nf3 e6 3. d4 cxd4 4. Nxd4 Nc6 5. Be2 Nf6 6. Nc3 Qc7 7. O-O a6 8. Be3 Bb4 9. Na4 O-O 10. c4 Be7 11. Nc3 b6 12. Rc1 Nxd4 13. Bxd4 Bb7 14. e5 Ne4 15. Bf3 Nxc3 16. Rxc3 Rac8 17. a3 Rfd8 18. Re1 d6 19. Bxb7 Qxb7 20. Qg4 d5 21. cxd5 Rxc3 22. Bxc3 Qxd5 23. h3 b5 24. Qe2 h6 25. Kh2 Bc5 26. f4 Qd3 27. Ba5 Qxe2 28. Rxe2 Rd1 29. g3 Bd4 30. Rc2 Rb1 31. b4 Rb2 32. Rxb2 Bxb2 33. Kg2 Bxa3 34. Kf3 Bb2 35. Ke4 Kf8 36. g4 Ke7 37. Bb6 Bc3 38. Bc5+ Ke8 39. f5 a5 40. bxa5 Bxa5 41. h4 Bd8 42. h5 Be7 43. Be3 Bf8 44. Kd4 Kd7 45. Bd2 Kc6 46. f6 gxf6 47. exf6 Bc5+ 48. Ke4 Bf8 49. Kd4 Kd7 50. g5 hxg5 51. Bxg5 b4 52. h6 Bxh6 53. Bxh6 e5+ 54. Kxe5 b3 55. Bc1 Kc6 56. Ba3 Kb5 57. Kd6 Kc4 58. Ke7 Kc3 59. Kxf7 Kc2 60. Ke6 Kb1 61. f7 1-0


[Site "https://www.chess.com"]

[Event "Titled Tuesday Blitz January 04 2022"]
[White "Krivonosov, Oleg"]
[Black "Demchenko, Anton"]
[WhiteFideId "11600349"]
[BlackFideId "4160258"]
[WhiteElo "2455"]
[BlackElo "2539"]
[Result "1/2-1/2"]
[Round "06"]
[TimeControl "180+1"]
[Date "2022.01.04"]
[WhiteClock "0:00:20"]
[BlackClock "0:00:07"]

1. Nf3 Nf6 2. c4 g6 3. Nc3 Bg7 4. e4 d6 5. d4 O-O 6. Be2 Nbd7 7. O-O e5 8. Re1 c6 9. Bf1 Re8 10. d5 c5 11. g3 h6 12. Bd2 Nf8 13. a3 b6 14. b4 N6h7 15. bxc5 bxc5 16. Nh4 Bf6 17. Nf3 Bg4 18. Be2 h5 19. h4 Rb8 20. Rb1 Rxb1 21. Qxb1 Bxf3 22. Bxf3 g5 23. hxg5 Bxg5 24. Qc1 h4 25. Bg4 hxg3 26. fxg3 Ng6 27. Bf5 Kg7 28. Kg2 a6 29. Rh1 Bxd2 30. Qxd2 Ng5 31. Rh5 f6 32. Nd1 Rh8 33. Rxh8 Nxh8 34. Nf2 Nhf7 35. Qe2 Qa5 36. Nh3 Nxh3 37. Kxh3 Ng5+ 38. Kg2 Qxa3 39. Qh5 Qb2+ 40. Kg1 Qc1+ 41. Kg2 Qd2+ 42. Kg1 Qe1+ 43. Kg2 Qd2+ 44. Kg1 Qc1+ 45. Kg2 Qc2+ 46. Kg1 Qb1+ 47. Kg2 Qa2+ 48. Kg1 Qa1+ 49. Kg2 Qb2+ 50. Kg1 Qd4+ 51. Kg2 Qd2+ 1/2-1/2


[Site "https://www.chess.com"]

[Event "Titled Tuesday Blitz January 04 2022"]
[White "Kucuksari, Kaan"]
[Black "Martinez Alcantara, Jose Eduardo"]
[WhiteFideId "6380166"]
[BlackFideId "3805662"]
[WhiteElo "2305"]
[BlackElo "2690"]
[Result "1/2-1/2"]
[Round "06"]
[TimeControl "180+1"]
[Date "2022.01.04"]
[WhiteClock "0:00:12"]
[BlackClock "0:00:14"]

1. d4 d5 2. Nf3 Nf6 3. c4 dxc4 4. e3 e6 5. Bxc4 a6 6. O-O c5 7. b3 cxd4 8. Nxd4 Bd7 9. Bb2 Nc6 10. Nd2 Rc8 11. Be2 Bc5 12. Bd3 Nxd4 13. exd4 Be7 14. Ne4 Bc6 15. Qe2 O-O 16. Rac1 h6 17. f3 Nd5 18. Qf2 Bb5 19. Bc4 Bc6 20. Nc5 Re8 21. Rfe1 Bh4 22. g3 Bg5 23. Rc2 a5 24. Rce2 b6 25. Ne4 Be7 26. a4 Nb4 27. Qe3 Bd5 28. Rc1 Rc7 29. Bb5 Rf8 30. Nc3 Bxb3 31. h4 Bc4 32. Ree1 Bxb5 33. Nxb5 Rc2 34. Ba3 Nd5 35. Qd3 Rxc1 36. Rxc1 Bxa3 37. Qxa3 Qf6 38. Kg2 Qg6 39. Kf2 Qf5 40. Nd6 Qh3 41. Rg1 Qh2+ 42. Rg2 Qh1 43. Rg1 Qh2+ 44. Rg2 Qh3 45. Ne4 Rc8 46. Qb3 Rc2+ 47. Qxc2 Qxg2+ 48. Kxg2 Ne3+ 49. Kf2 Nxc2 50. d5 exd5 51. Nc3 Nb4 52. Ke3 Kf8 53. Kd4 Ke7 54. Nxd5+ Nxd5 55. Kxd5 Kd7 56. h5 Kc7 57. g4 Kd7 58. f4 Kc7 59. f5 Kd7 60. g5 f6 61. g6 b5 62. axb5 Kc7 63. Kc5 Kb7 64. Kd4 Kb6 65. Kc4 a4 66. Kb4 a3 67. Kxa3 Kxb5 68. Kb3 Kc5 69. Kc3 Kd5 70. Kd3 Ke5 71. Kc4 Kxf5 72. Kd5 Kg5 73. Ke6 f5 74. Kf7 f4 75. Kxg7 f3 76. Kh7 f2 77. g7 f1=Q 78. g8=Q+ Kh4 79. Qg6 Qf8 80. Qxh6 Qf7+ 81. Qg7 Qxh5+ 82. Qh6 Kg4 83. Qxh5+ Kxh5 1/2-1/2


[Site "https://www.chess.com"]

[Event "Titled Tuesday Blitz January 04 2022"]
[White "Makarian, Rudik"]
[Black "Florescu, Codrut-Constantin"]
[WhiteFideId "44105681"]
[BlackFideId "1202200"]
[WhiteElo "2486"]
[BlackElo "2243"]
[Result "1-0"]
[Round "06"]
[TimeControl "180+1"]
[Date "2022.01.04"]
[WhiteClock "0:00:12"]
[BlackClock "0:00:36"]

1. d4 Nf6 2. c4 e6 3. Nf3 b6 4. g3 Ba6 5. Nbd2 d5 6. Bg2 c6 7. O-O Be7 8. Ne5 Nfd7 9. Nef3 O-O 10. b3 f5 11. Bb2 b5 12. Qc2 bxc4 13. bxc4 Nb6 14. Ne5 Bf6 15. cxd5 cxd5 16. Ndf3 Nc4 17. Rfc1 Nd7 18. e3 Bxe5 19. Nxe5 Ndxe5 20. dxe5 Nxb2 21. Qxb2 Bc4 22. Qd4 Qb6 23. Rxc4 dxc4 24. Bxa8 Qxd4 25. exd4 Rxa8 26. Rc1 Rc8 27. Kf1 Kf7 28. Ke2 g5 29. Kd2 f4 30. Rb1 Rc7 31. Kc3 Kg6 32. Rb8 Kf5 33. f3 fxg3 34. Rf8+ Kg6 35. Rf6+ Kg7 36. hxg3 h5 37. f4 gxf4 38. Rxf4 Rc6 39. Rf6 Ra6 40. Kxc4 Rxa2 41. Rxe6 Rg2 42. Ra6 Rxg3 43. d5 h4 44. d6 Kf7 45. Rxa7+ Ke8 46. e6 1-0


[Site "https://www.chess.com"]

[Event "Titled Tuesday Blitz January 04 2022"]
[White "Maksimovic, Bojan"]
[Black "Krishnan, Varun"]
[WhiteFideId "14408120"]
[BlackFideId "5054508"]
[WhiteElo "2450"]
[BlackElo "2547"]
[Result "1-0"]
[Round "06"]
[TimeControl "180+1"]
[Date "2022.01.04"]
[WhiteClock "0:00:09"]
[BlackClock "0:00:01"]

1. d4 d5 2. c4 e6 3. Nf3 Nf6 4. g3 Bb4+ 5. Bd2 Be7 6. Qc2 O-O 7. Bg2 b6 8. O-O Bb7 9. cxd5 exd5 10. Nc3 Nbd7 11. Bf4 c5 12. Rad1 Rc8 13. Qb1 c4 14. Ne5 Re8 15. Bh3 Ra8 16. Nb5 a6 17. Nc7 Qxc7 18. Nxd7 Qd8 19. Ne5 b5 20. Rfe1 b4 21. f3 a5 22. b3 c3 23. Nd3 Bd6 24. Bxd6 Qxd6 25. Nc5 Bc8 26. Bg2 Nd7 27. Nd3 Qb6 28. e3 Ba6 29. Qc2 a4 30. Rb1 Bxd3 31. Qxd3 axb3 32. axb3 Ra2 33. Bh3 Nf6 34. Ra1 Rd2 35. Qf5 h6 36. Bf1 Qe6 37. Qf4 Qe7 38. Ra6 Qb7 39. Rxf6 gxf6 40. Qxh6 Qe7 41. e4 Qa7 42. Qxf6 Qxd4+ 43. Qxd4 Rxd4 44. e5 c2 45. Rc1 Rc8 46. Be2 Rd2 47. Kf2 Rxe2+ 48. Kxe2 Kf8 49. Kd2 Rc3 50. f4 Rxb3 51. Rxc2 Rf3 52. Rc7 Rf2+ 53. Kd3 Rxh2 54. Rb7 Rg2 55. Kd4 Rxg3 56. f5 b3 57. Kxd5 Rd3+ 58. Ke4 Rc3 59. f6 Ke8 60. Rb8+ Kd7 61. Rb7+ Rc7 62. Rxb3 Rc1 63. Rb7+ Ke8 64. Rb8+ Kd7 65. Rb7+ Ke8 66. Re7+ Kf8 67. Ra7 Re1+ 68. Kf5 Rf1+ 69. Ke4 Re1+ 70. Kd4 Rd1+ 71. Kc4 Rc1+ 72. Kd3 Rd1+ 73. Kc3 Rc1+ 74. Kd2 Rc8 75. Kd3 Rb8 76. Ke4 Rc8 77. Kd5 Rb8 78. Kd6 Rd8+ 79. Rd7 Ra8 80. Rc7 Rd8+ 81. Kc6 Re8 82. Kd5 Rd8+ 83. Ke4 Ra8 84. Rc4 Rb8 85. Ra4 Rc8 86. Kd4 Rd8+ 87. Kc5 Rc8+ 88. Kd5 Rd8+ 89. Kc6 Rc8+ 90. Kd7 Re8 91. Ra5 Rb8 92. Rc5 Rb7+ 93. Rc7 Rb8 94. Rc8+ Rxc8 95. Kxc8 Kg8 96. Kd7 Kh7 97. Ke7 Kg6 98. e6 fxe6 99. f7 e5 100. f8=Q e4 101. Qf2 e3 102. Qxe3 1-0


[Site "https://www.chess.com"]

[Event "Titled Tuesday Blitz January 04 2022"]
[White "Maly, Alexey"]
[Black "Zverev, Lev"]
[WhiteFideId "14103184"]
[BlackFideId "24250775"]
[WhiteElo "2266"]
[BlackElo "2156"]
[Result "1-0"]
[Round "06"]
[TimeControl "180+1"]
[Date "2022.01.04"]
[WhiteClock "0:01:05"]
[BlackClock "0:01:09"]

1. d4 Nf6 2. c4 e6 3. Nf3 d5 4. e3 Be7 5. Nbd2 O-O 6. Bd3 dxc4 7. Nxc4 b5 8. Nce5 a6 9. O-O Bb7 10. a4 b4 11. b3 Nbd7 12. Bb2 c5 13. Nxd7 Qxd7 14. Rc1 Rad8 15. Qe2 cxd4 16. Bxd4 Bxf3 17. Qxf3 e5 18. Bf5 Qd5 19. Bb6 e4 20. Qh3 Rb8 21. Bd4 g6 22. Bc8 Qxb3 23. Bxa6 Qxa4 24. Bc4 Qd7 25. Qg3 Rfc8 26. Bb3 Rxc1 27. Rxc1 Rc8 28. Rxc8+ Qxc8 29. h3 Qc1+ 30. Kh2 Qc6 31. Qb8+ Kg7 32. g3 h5 33. Qe5 Qd6 34. Qxe4 Kg8 35. Qxg6+ 1-0


[Site "https://www.chess.com"]

[Event "Titled Tuesday Blitz January 04 2022"]
[White "Moroni, Luca Jr"]
[Black "Madaminov, Mukhiddin"]
[WhiteFideId "865834"]
[BlackFideId "14210703"]
[WhiteElo "2573"]
[BlackElo "1916"]
[Result "1-0"]
[Round "06"]
[TimeControl "180+1"]
[Date "2022.01.04"]
[WhiteClock "0:00:17"]
[BlackClock "0:00:09"]

1. d4 Nf6 2. c4 e6 3. Nc3 Bb4 4. Nf3 d5 5. cxd5 exd5 6. Bf4 c5 7. e3 Nc6 8. dxc5 Ne4 9. Rc1 Qa5 10. Bd3 Nxc3 11. bxc3 Bxc3+ 12. Kf1 h6 13. Qb3 Bf6 14. Bd6 Qb4 15. Qc2 Qa3 16. Rb1 a6 17. Rb3 Qa4 18. a3 Kd8 19. h3 Re8 20. Kg1 Na5 21. Bc7+ Ke7 22. Bd6+ Kd8 23. Bc7+ Ke7 24. Bxa5 Qxa5 25. Kh2 Qc7+ 26. g3 Bd7 27. Rhb1 Ba4 28. Rxb7 Bxc2 29. Rxc7+ Kd8 30. Rbb7 Bxd3 31. Rd7+ Kc8 32. Rdc7+ Kd8 33. Rd7+ Kc8 34. c6 Bd8 35. Nd4 Bg6 36. Nb3 Rb8 37. Nc5 Ra8 38. Ra7 Rxa7 39. Rxa7 Bb6 40. Ra8+ Kc7 41. Nxa6+ Kxc6 42. Rxe8 Kb7 43. Nb4 d4 44. exd4 Bxd4 45. Re2 Kb6 46. Nd5+ Kc5 47. Nf4 Bf5 48. Re7 g5 49. Rxf7 Bc2 50. Ne6+ Kd5 51. Nxd4 Kxd4 52. h4 gxh4 53. gxh4 h5 54. Kg3 Ke5 55. Rf8 Bd1 56. Rf4 Ke6 57. a4 Kd5 58. a5 Kc6 59. Rf5 Bg4 60. Rg5 Bd1 61. Kf4 Kb7 62. Ke3 Ka6 63. f4 Bc2 64. Re5 Bf5 65. Kd4 Bg4 66. f5 Bf3 67. f6 Bd5 68. Rxd5 Ka7 69. f7 Kb7 70. f8=Q Kc6 71. Qc5+ Kb7 72. Qb6+ Ka8 73. Rd8# 1-0


[Site "https://www.chess.com"]

[Event "Titled Tuesday Blitz January 04 2022"]
[White "Narayanan.S.L"]
[Black "Xiong, Jeffery"]
[WhiteFideId "5058422"]
[BlackFideId "2047640"]
[WhiteElo "2494"]
[BlackElo "2727"]
[Result "1/2-1/2"]
[Round "06"]
[TimeControl "180+1"]
[Date "2022.01.04"]
[WhiteClock "0:02:34"]
[BlackClock "0:02:41"]

1. Nf3 d5 2. g3 g6 3. Bg2 Bg7 4. d4 Nf6 5. O-O O-O 6. c4 c6 7. cxd5 cxd5 8. Nc3 Ne4 9. Ne5 Nxc3 10. bxc3 Nc6 11. Nxc6 bxc6 12. Qa4 Qb6 13. Ba3 Qa6 14. Qxa6 Bxa6 15. Rfe1 Rfe8 16. e3 Bf8 1/2-1/2


[Site "https://www.chess.com"]

[Event "Titled Tuesday Blitz January 04 2022"]
[White "Navalgund, Niranjan"]
[Black "Efimenko, Zahar"]
[WhiteFideId "5030854"]
[BlackFideId "14107201"]
[WhiteElo "2290"]
[BlackElo "2528"]
[Result "0-1"]
[Round "06"]
[TimeControl "180+1"]
[Date "2022.01.04"]
[WhiteClock "0:01:23"]
[BlackClock "0:01:26"]

1. d4 d6 2. e4 g6 3. Nc3 Bg7 4. Bc4 Nf6 5. Qe2 c6 6. e5 dxe5 7. dxe5 Nd5 8. Bd2 O-O 9. Nf3 Be6 10. O-O-O Nd7 11. Bb3 a5 12. Kb1 a4 13. Bxd5 cxd5 14. a3 Nb6 15. Nd4 Nc4 16. Bf4 Qb6 17. Ndb5 Ra5 18. Be3 Nxe3 19. Qxe3 Rxb5 20. Nxb5 Qxb5 21. Rd4 Rc8 22. Rhd1 Bf5 23. R1d2 Qf1+ 24. Ka2 Bxc2 25. Rxc2 Rxc2 26. Rxd5 Qc4+ 27. Kb1 Rxb2+ 28. Kxb2 Qxd5 29. f4 f6 0-1


[Site "https://www.chess.com"]

[Event "Titled Tuesday Blitz January 04 2022"]
[White "Nesterov, Arseniy"]
[Black "Kosteniuk, Alexandra"]
[WhiteFideId "24198455"]
[BlackFideId "4128125"]
[WhiteElo "2489"]
[BlackElo "2469"]
[Result "1-0"]
[Round "06"]
[TimeControl "180+1"]
[Date "2022.01.04"]
[WhiteClock "0:00:09"]
[BlackClock "0:01:07"]

1. d4 Nf6 2. c4 e6 3. Nc3 Bb4 4. Qc2 c5 5. dxc5 O-O 6. Nf3 Na6 7. g3 Nxc5 8. Bg2 Nce4 9. O-O Bxc3 10. bxc3 Qc7 11. Nd4 d5 12. cxd5 exd5 13. Ba3 Rd8 14. Rac1 Bd7 15. c4 Qxc4 16. Qb2 Qa6 17. Rc7 Qb6 18. Rxb7 Qxb2 19. Rxb2 Rab8 20. Rfb1 Rxb2 21. Rxb2 Rc8 22. Rb7 a6 23. h3 h5 24. Bb2 Nd6 25. Ra7 Nc4 26. Ba1 Rb8 27. Nb3 Ne4 28. Rxd7 a5 29. Rxd5 a4 30. Bxe4 axb3 31. axb3 1-0


[Site "https://www.chess.com"]

[Event "Titled Tuesday Blitz January 04 2022"]
[White "Panesar Vedant"]
[Black "Vokhidov, Shamsiddin"]
[WhiteFideId "35033018"]
[BlackFideId "14204223"]
[WhiteElo "1971"]
[BlackElo "2611"]
[Result "0-1"]
[Round "06"]
[TimeControl "180+1"]
[Date "2022.01.04"]
[WhiteClock "0:00:13"]
[BlackClock "0:00:58"]

1. d4 Nf6 2. c4 e6 3. Nc3 Bb4 4. a3 Bxc3+ 5. bxc3 b6 6. f3 Ba6 7. e4 Nc6 8. e5 Ng8 9. Bd3 Na5 10. Qe2 d5 11. cxd5 Bxd3 12. Qxd3 Qxd5 13. Ne2 Ne7 14. O-O Qc4 15. Qe4 Nd5 16. Nf4 O-O-O 17. Nxd5 Rxd5 18. Be3 Nb3 19. Rad1 Qxc3 20. Rd3 Qc4 21. Rfd1 Rhd8 22. Qxh7 Nxd4 23. Bxd4 Rxd4 24. Rxd4 Rxd4 25. Rxd4 Qxd4+ 26. Kf1 Qxe5 27. Qg8+ Kb7 28. Qxf7 b5 29. f4 Qa1+ 30. Kf2 Qb2+ 31. Kf1 Qxa3 32. Qxe6 Qc1+ 33. Ke2 Qxf4 34. g3 Qc4+ 35. Qxc4 bxc4 36. Kd2 Kc6 37. Kc3 Kd5 38. h4 Ke4 39. Kxc4 Kf3 0-1


[Site "https://www.chess.com"]

[Event "Titled Tuesday Blitz January 04 2022"]
[White "Paravyan, David"]
[Black "Begmuratov, Khumoyun"]
[WhiteFideId "4194985"]
[BlackFideId "14210207"]
[WhiteElo "2569"]
[BlackElo "1961"]
[Result "1-0"]
[Round "06"]
[TimeControl "180+1"]
[Date "2022.01.04"]
[WhiteClock "0:00:05"]
[BlackClock "0:00:03"]

1. e4 Nf6 2. e5 Nd5 3. d4 d6 4. c4 Nb6 5. f4 g6 6. Nc3 Bg7 7. Be3 O-O 8. Nf3 dxe5 9. fxe5 Nc6 10. Be2 Bg4 11. b3 f6 12. e6 f5 13. O-O Bxf3 14. Bxf3 Bxd4 15. Bxd4 Nxd4 16. Bxb7 Rb8 17. Bd5 c5 18. Qd2 Qd6 19. Rae1 Rbd8 20. Qh6 Rf6 21. Re3 Nxd5 22. Nxd5 Rxe6 23. Rh3 Kf7 24. Qxh7+ Ke8 25. Qg7 Kd7 26. Kh1 Qe5 27. Qxe5 Rxe5 28. Rg3 Rg8 29. h3 g5 30. Kh2 Kd6 31. Rf2 e6 32. Nc3 f4 33. Rxf4 gxf4 34. Rxg8 Re3 35. Nb5+ Nxb5 36. cxb5 Re2 37. Rf8 e5 38. a4 Rb2 39. Rf7 Rxb3 40. Rxa7 e4 41. Ra8 e3 42. Re8 Rb2 43. h4 Kd5 44. h5 f3 45. Rxe3 Rxg2+ 46. Kh3 Rg5 47. Rxf3 Rxh5+ 48. Kg4 Rh1 49. Ra3 c4 50. a5 Kc5 51. b6 Kb5 52. b7 Rh8 53. a6 c3 54. a7 c2 55. b8=Q+ 1-0


[Site "https://www.chess.com"]

[Event "Titled Tuesday Blitz January 04 2022"]
[White "Perez Ponsa, Federico"]
[Black "Shipov, Sergei"]
[WhiteFideId "117927"]
[BlackFideId "4113624"]
[WhiteElo "2672"]
[BlackElo "2773"]
[Result "0-1"]
[Round "06"]
[TimeControl "180+1"]
[Date "2022.01.04"]
[WhiteClock "0:00:01"]
[BlackClock "0:00:10"]

1. d4 d5 2. Nf3 e6 3. Bf4 Bd6 4. e3 Bxf4 5. exf4 c5 6. dxc5 Qa5+ 7. Nbd2 Qxc5 8. c3 Ne7 9. Bd3 Nbc6 10. O-O f6 11. Re1 O-O 12. Qc2 h6 13. Nb3 Qd6 14. Nbd4 e5 15. Nxc6 Nxc6 16. Bb5 e4 17. Nd4 Nxd4 18. cxd4 Qxf4 19. Rac1 Be6 20. Qc7 Qxc7 21. Rxc7 Rf7 22. Rec1 Rxc7 23. Rxc7 Rc8 24. Rxb7 Rc1+ 25. Bf1 Bg4 26. f3 exf3 27. Kf2 fxg2 28. Bxg2 Rc2+ 29. Kg3 Be6 30. a4 a5 31. Bf1 Rd2 32. b4 Rxd4 33. bxa5 Rxa4 34. a6 Ra3+ 35. Kf2 d4 36. a7 Bd5 37. Bc4 Bxc4 38. Rb8+ Kf7 39. a8=Q Rxa8 40. Rxa8 Ke6 41. Ra5 Bd5 42. Ra4 Ke5 43. Ra7 g5 44. Rh7 Be4 45. Rxh6 f5 46. Rh5 Kf4 47. h3 d3 48. Rh8 g4 49. hxg4 fxg4 50. Rf8+ Bf5 51. Rg8 Ke4 52. Re8+ Kd4 53. Rf8 Be6 54. Re8 Bd5 55. Rg8 Bf3 56. Rd8+ Bd5 57. Rd7 g3+ 58. Ke1 g2 59. Rg7 Ke3 60. Re7+ Be4 61. Kd1 g1=Q# 0-1


[Site "https://www.chess.com"]

[Event "Titled Tuesday Blitz January 04 2022"]
[White "Pichot, Alan"]
[Black "Csonka, Balazs"]
[WhiteFideId "110973"]
[BlackFideId "742910"]
[WhiteElo "2543"]
[BlackElo "2404"]
[Result "1-0"]
[Round "06"]
[TimeControl "180+1"]
[Date "2022.01.04"]
[WhiteClock "0:00:46"]
[BlackClock "0:00:02"]

1. c4 g6 2. Nc3 Nf6 3. d4 d5 4. h4 c5 5. h5 cxd4 6. Qxd4 Nc6 7. Qd1 d4 8. Na4 Nxh5 9. Nf3 e5 10. e4 Bg4 11. a3 f5 12. Bd3 Nf6 13. Bg5 Be7 14. Bxf6 Bxf6 15. b4 Qe7 16. Nc5 O-O 17. Nb3 Nd8 18. c5 Ne6 19. Qc2 Nf4 20. Kf1 Nxd3 21. Qxd3 fxe4 22. Qxe4 Bf5 23. Qe2 Qg7 24. Nfd2 d3 25. Qe3 e4 26. Re1 Rae8 27. Nc4 Bc3 28. Rc1 Bb2 29. Rb1 Be5 30. Rh4 Be6 31. Rxe4 Bxc4 32. Rxc4 Qf7 33. Re4 Bg7 34. Rxe8 Rxe8 35. Qxd3 Qe6 36. Nd2 Bf6 37. Qc4 Kg7 38. Qxe6 Rxe6 39. Nc4 Re4 40. Nd6 Re7 41. Nc8 Rd7 42. Nxa7 Rd3 43. a4 Ra3 44. a5 Ra2 45. Rb3 Bd4 46. Rf3 g5 47. Nb5 Ra1+ 48. Ke2 Ra2+ 49. Kd3 Bxf2 50. Nd6 Be1 51. Kc4 Rc2+ 52. Kb3 Rc1 53. Nxb7 Rb1+ 54. Ka2 Rxb4 55. a6 Ra4+ 56. Ra3 Rxa3+ 57. Kxa3 1-0


[Site "https://www.chess.com"]

[Event "Titled Tuesday Blitz January 04 2022"]
[White "Pranav, V"]
[Black "Piesik, Piotr"]
[WhiteFideId "25060783"]
[BlackFideId "1136194"]
[WhiteElo "2349"]
[BlackElo "2232"]
[Result "1-0"]
[Round "06"]
[TimeControl "180+1"]
[Date "2022.01.04"]
[WhiteClock "0:01:36"]
[BlackClock "0:01:06"]

1. e4 c6 2. d4 d5 3. e5 Bf5 4. Nf3 e6 5. Be2 Nd7 6. c3 Bg6 7. O-O Nh6 8. Re1 Nf5 9. Nbd2 a6 10. Nf1 c5 11. Ng3 cxd4 12. Nxf5 Bxf5 13. Nxd4 Bg6 14. Bd3 Bxd3 15. Qxd3 Be7 16. Qg3 g6 17. Bh6 Qb6 18. b3 O-O-O 19. Qf3 Bc5 20. Rad1 Bxd4 21. cxd4 Nb8 22. Qxf7 Rd7 23. Qf6 Re8 24. h3 Nc6 25. Qh4 Rf7 26. Be3 Kb8 27. Rc1 Rc8 28. Rc5 Nb4 29. Rec1 Rxc5 30. dxc5 Qb5 31. a4 Qd3 32. Qxb4 1-0


[Site "https://www.chess.com"]